 Dungeon Crawl Stone Soup version 0.26.0-10-g1f06aea511 (webtiles) character file.

Game seed: 2478148708995905096

0 Goblin1989 the Sneak (level 1, -9/18 HPs)
             Began as a Demonspawn Delver on Jan 23, 2021.
             Mangled by a bog mummy (11 damage)
             ... in an ossuary.
             The game lasted 00:00:20 (30 turns).

Goblin1989 the Sneak (Demonspawn Delver)              Turns: 30, Time: 00:00:21

Health: -9/18      AC:  3    Str: 12    XL:     1   Next: 0%
Magic:  1/1        EV: 12    Int: 11    God:
Gold:   0          SH:  0    Dex: 14    Spells: 0/0 levels left

rFire    . . .     SeeInvis .   a - +0 mace
rCold    . . .     Faith    .   (no shield)
rNeg     . . .     Spirit   .   b - +0 leather armour
rPois    .         Reflect  .   (no helmet)
rElec    .         Harm     .   (no cloak)
rCorr    .         Rampage  .   (no gloves)
Will     .....                  (no boots)
Stlth    ++........             (no amulet)
HPRegen  0.06/turn              (no ring)
MPRegen  0.07/turn              (no ring)

@: no status effects
A: no striking features
a: no special abilities


You were in an ossuary.
You visited 1 branch of the dungeon, and saw 1 of its levels.
You also visited: Ossuary.

Inventory:

Hand Weapons
 a - a +0 mace (weapon)
Armour
 b - a +0 leather armour (worn)
Wands
 g - a wand of digging (3) {@v1}
Scrolls
 c - a scroll of fog
 e - a scroll of fear
 M - a scroll of magic mapping
Potions
 f - a potion of haste {@q3,}


   Skills:
 - Level 3.0 Fighting
 + Level 1.7 Maces & Flails
 - Level 1.7 Dodging
 - Level 4.5 Stealth


You couldn't memorise any spells.
You didn't know any spells.
Your spell library was empty.

Dungeon Overview and Level Annotations

Branches:
Dungeon (5/15)            Ossuary (1/1)
 Temple: D:4-7

Altars:


Message History

You hear the hiss of flowing sand.
There is an entrance to an ossuary on this level.
Hurry and find it before the portal is buried!
You become a guardian mummy!
Welcome, Goblin1989 the Demonspawn Delver.
It is said that the Orb of Zot exists deep within this dungeon.
Press ? for a list of commands and other information.
Found a stone staircase leading down.
Found a sand-covered staircase.
Found a scale mail.
Found a scroll of fog.
There is a sand-covered staircase here.
The world spins around you as you enter the gateway.
You enter an ossuary!
Found a gate leading back out of this place.
There is an empty arch of ancient stone here.
You open the door.
A mummy opens the door.
A jackal zombie comes into view.
There is an open door here.
There is an open door here.
There is an open door here.
You open the door.
A bog mummy comes into view.
There is an open door here.
The helpless bog mummy fails to defend itself.
You hit the bog mummy.
The bog mummy is moderately damaged.
You hit the bog mummy but do no damage.
The bog mummy is moderately damaged.
The bog mummy points at you and mumbles some strange words.
You resist with significant effort.
You hit the bog mummy.
The bog mummy is moderately damaged.
The bog mummy points at you and mumbles some strange words.
The puff of frost hits you!
You take 8 damage, and have 10/18 hp.
MASSIVE DAMAGE!!
You hit the bog mummy but do no damage.
The bog mummy is moderately damaged.
The bog mummy casts a spell at you. The puff of frost hits you!
* * * LOW HITPOINT WARNING * * *
You take 8 damage, and have 2/18 hp.
MASSIVE DAMAGE!!
You hit the bog mummy but do no damage.
The bog mummy is moderately damaged.
You hit the bog mummy.
The bog mummy is moderately damaged.
The bog mummy casts a spell at you. You resist with significant effort.
You hit the bog mummy but do no damage.
The bog mummy is moderately damaged.
The bog mummy hits you!
Ouch! That really hurt!
You die...

█ █. ∆█▲█
..▲
█████.███
█...█.∆.█
█.∩.∆.███
█∩..█.@M█
█████.███
.≈≈.
███≈≈█
█≈..
≈≈███ █≈.
█≈≈


You could see a bog mummy.

Vanquished Creatures (others)
  A withered plant (Ossuary)
1 creature vanquished.

Notes
Turn   | Place    | Note
-------+----------+-------------------------------------------
     0 | D:5      | Goblin1989 the Demonspawn Delver began the quest for the
                  | Orb.
     0 | D:5      | Reached XP level 1. HP: 18/18 MP: 1/1
     0 | D:5      | Found a sand-covered staircase.
     8 | Ossuary  | Entered an ossuary
    22 | Ossuary  | Noticed a bog mummy
    30 | Ossuary  | Mangled by a bog mummy

Illustrated notes

Levels and vault maps discovered:
D:5:      layout_basic, enter_ossuary_1, grunt_gozag_breadcrumbs
Ossuary:  ossuary_zaba_flooded

Action                   || total
-------------------------++-------
Melee: Mace              ||     7
 Stab: Sleeping          ||     1
